 Dungeon Crawl Stone Soup version 0.26.0-7-g794d0892b4 (webtiles) character file.

Game seed: 4437020115181074127

2557 Jerry the Covered (level 9, 0/56 HPs)
             Began as a Tengu Abyssal Knight on Jan 11, 2021.
             Was a Priest of Lugonu.
             Slain by a yak (11 damage)
             ... on level 8 of the Dungeon.
             The game lasted 00:21:32 (8295 turns).

Jerry the Covered (Tengu Abyssal Knight)            Turns: 8295, Time: 00:21:32

Health: 0/56       AC: 17    Str: 16    XL:     9   Next: 56%
Magic:  14/14      EV:  6    Int: 18    God:    Lugonu [***...]
Gold:   156        SH:  0    Dex: 14    Spells: 8/8 levels left

rFire    . . .     SeeInvis .   e - +8 whip (venom)
rCold    . . .     Faith    .   (no shield)
rNeg     . . .     Spirit   .   i - +4 plate armour
rPois    +         Reflect  .   (helmet restricted)
rElec    .         Harm     .   (no cloak)
rCorr    .         Rampage  .   (no gloves)
Will     .....                  (boots unavailable)
Stlth    ..........             n - amulet of the acrobat
HPRegen  0.18/turn              f - ring of poison resistance
MPRegen  0.14/turn              w - +6 ring of intelligence

@: flying quickly and evasively, quick
A: beak, talons 3, able to fly
a: Stop Flying, Renounce Religion, Depart the Abyss, Bend Space, Banish


You were on level 8 of the Dungeon.
You worshipped Lugonu.
Lugonu was most pleased with you.
You visited 1 branch of the dungeon, and saw 8 of its levels.
You visited the Abyss 1 time.

You collected 285 gold pieces.
You spent 129 gold pieces at shops.

Inventory:

Hand Weapons
 a - a +1 mace
 e - a +8 whip of venom (weapon)
Armour
 i - a +4 plate armour (worn)
Jewellery
 f - a ring of poison resistance (left hand)
 n - an amulet of the acrobat (around neck)
 t - an uncursed ring of protection from cold {unknown}
 w - a +6 ring of intelligence (right hand)
Wands
 k - a wand of random effects (19)
 p - a wand of digging (5)
 q - a wand of polymorph (7)
 v - a wand of iceblast (5)
Scrolls
 c - 2 scrolls of blinking
 d - a scroll of amnesia
 g - 5 scrolls of identify
 h - 5 scrolls of teleportation
 l - a scroll of magic mapping
 s - 6 scrolls of remove curse
 x - a scroll of acquirement {unknown}
 y - a scroll of enchant weapon
Potions
 b - 2 potions of haste
 j - a potion of brilliance
 m - a potion of mutation
 o - 3 potions of curing
 r - a potion of ambrosia
 u - a potion of attraction {unknown}


   Skills:
 + Level 6.7 Fighting
 + Level 7.1 Maces & Flails
 + Level 7.4 Armour
 - Level 1.1 Dodging
 * Level 6.2 Invocations


You had 8 spell levels left.
You didn't know any spells.
Your spell library contained the following spells:

 Spells                   Type           Power        Failure   Level
 Animate Skeleton         Necr           0%           100%        1
 Apportation              Tloc           0%           100%        1
 Corona                   Hex            0%           100%        1
 Magic Dart               Conj           0%           100%        1
 Summon Small Mammal      Summ           0%           100%        1
 Blink                    Tloc           N/A          100%        2
 Call Imp                 Summ           0%           100%        2
 Slow                     Hex            0%           100%        2
 Conjure Flame            Conj/Fire      0%           100%        3
 Mephitic Cloud           Conj/Pois/Air  0%           100%        3


Dungeon Overview and Level Annotations

Branches:
Dungeon (8/15)             Temple (0/1) D:5
   Lair: D:8-11

Altars:
Elyvilon
Hepliaklqana
Qazlal
Sif Muna
Trog
Yredelemnul
The Shining One

Shops:
D:6 :   D:7 *


Innate Abilities, Weirdness & Mutations

You have a beak for a mouth.
You have claws for feet.
You can fly continuously.


Message History

The wyvern bites you but does no damage.
The yak gores you but does no damage. x2
You closely miss the wyvern.
The wyvern is almost dead.
The wyvern bites you! The yak barely misses you.
You are too injured to fight recklessly!
You are too injured to fight recklessly!
You are too injured to fight recklessly!
You closely miss the wyvern. You claw the wyvern, but do no damage.
The wyvern is almost dead.
The wyvern bites you. The yak barely misses you.
You hit the wyvern.
You kill the wyvern!
Lugonu accepts your kill. The yak gores you.
* * * LOW HITPOINT WARNING * * *
The yak gores you but does no damage.
Okay, then.
You hit the yak but do no damage.
The yak is poisoned.
The yak gores you!
You die...

... #.. ....
..# .... #..
..... #.#
.....##.#+###
..........#
#......#
#.†...(#
#..@...#
#.YY...#
#..(...#
#......#
#......#
#......#
########


You could see 2 yaks.

Vanquished Creatures
  2 yaks (D:7)
  A wyvern (D:8)
  The ghost of chipmonk the Bolt Thrower, an amateur KoHu (D:3)
  A water moccasin (D:4)
  An orc warrior (D:6)
  2 sky beasts
  2 ice beasts (D:7)
  An ogre (D:5)
  2 centaurs
  2 big kobolds
  2 bullfrogs
  A water moccasin skeleton (D:7)
  A howler monkey (D:4)
  A jelly (D:5)
  A bullfrog zombie (D:7)
  A quasit (D:7)
  5 orc wizards
  A centaur skeleton (D:4)
  6 hounds
  A bullfrog skeleton (D:7)
  An orc priest (D:7)
  2 iguanas
  3 worker ants
  A howler monkey skeleton (D:4)
  3 gnolls (D:4)
  8 adders
  A shadow imp (D:4)
  A white imp (D:5)
  An adder zombie (D:6)
  An adder skeleton (D:4)
  3 worms
  2 dart slugs (D:1)
  4 leopard geckos
  8 orcs
  4 bats
  5 giant cockroaches
  10 goblins
  9 hobgoblins
  9 jackals
  16 kobolds
  A quokka (D:4)
  2 ball pythons
  A ball python zombie (D:5)
  A frilled lizard (D:2)
  A jackal skeleton (D:4)
  A quokka skeleton (D:5)
  8 rats
142 creatures vanquished.

Vanquished Creatures (others)
  9 plants (D:4)
9 creatures vanquished.

Grand Total: 151 creatures vanquished

Notes
Turn   | Place    | Note
-------+----------+-------------------------------------------
     0 | Abyss:1  | Jerry the Tengu Abyssal Knight began the quest for the Orb.
     0 | Abyss:1  | Reached XP level 1. HP: 14/14 MP: 3/3
    73 | Abyss:1  | Noticed a large abomination
    86 | Abyss:1  | Noticed a large abomination
    87 | D:1      | Escaped the Abyss
   323 | D:1      | Reached XP level 2. HP: 19/19 MP: 4/4
   339 | D:1      | Reached * piety under Lugonu
   526 | D:1      | Reached XP level 3. HP: 12/23 MP: 5/5
  1469 | D:2      | Found a basalt altar of Yredelemnul.
  1516 | D:2      | Reached XP level 4. HP: 26/28 MP: 6/6
  2028 | D:3      | Found a shimmering blue altar of Sif Muna.
  2495 | D:3      | Found a runed translucent gate.
  2496 | D:3      | Found a runed translucent gate.
  2497 | D:3      | Found a runed translucent gate.
  2497 | D:3      | Noticed chipmonk's ghost (amateur KoHu)
  2497 | D:3      | Noticed a big kobold
  2760 | D:4      | Reached ** piety under Lugonu
  2852 | D:4      | Gained mutation: You can fly continuously. [Tengu growth]
  2852 | D:4      | Reached XP level 5. HP: 18/32 MP: 7/7
  3341 | D:4      | Reached XP level 6. HP: 37/38 MP: 9/9
  3571 | D:4      | Found Azes's Serpentskin Sales.
  3571 | D:4      | Noticed a water moccasin
  3581 | D:4      | Killed a water moccasin
  3864 | D:5      | Entered Level 5 of the Dungeon
  3872 | D:5      | Reached XP level 7. HP: 43/44 MP: 10/10
  3919 | D:5      | Found a glowing golden altar of the Shining One.
  4192 | D:5      | Found a staircase to the Ecumenical Temple.
  4296 | D:5      | Found a stormy altar of Qazlal.
  4310 | D:5      | Reached skill level 5 in Armour
  4483 | D:5      | HP: 1/44 [ogre/+0 giant spiked club (18)]
  4994 | D:5      | Found a bloodstained altar of Trog.
  5170 | D:6      | Reached skill level 5 in Maces & Flails
  5293 | D:5      | Reached *** piety under Lugonu
  5294 | D:5      | Reached skill level 5 in Fighting
  5298 | D:5      | Reached XP level 8. HP: 7/49 MP: 10/12
  5753 | D:6      | Found Vopagudd's Book Emporium.
  6558 | D:6      | Found a hazy altar of Hepliaklqana.
  6709 | D:3      | Killed chipmonk's ghost
  6984 | D:7      | Found a white marble altar of Elyvilon.
  7067 | D:7      | Reached skill level 5 in Invocations
  7279 | D:7      | Reached XP level 9. HP: 55/55 MP: 13/13
  7508 | D:7      | Found Wyppeyro's Assorted Antiques.
  7514 | D:7      | Bought a large malachite amulet for 110 gold pieces
  7514 | D:7      | Bought a white potion for 19 gold pieces
  8295 | D:8      | Slain by a yak

Illustrated notes

Levels and vault maps discovered:
D:1:      lightli_arrival_flooded_house, layout_rooms
D:2:      layout_loops_corners, minmay_misc_feat_columns, minivault_25,
          grunt_decor_resistance, yredelemnul_altar_generic
D:3:      layout_basic, nicolae_overflow_hidden_temple,
          gammafunk_ghost_nasty_kobolds, minmay_starry_boxes
D:4:      layout_basic, serial_bayou_ford_a, guppyfry_shop_venom
D:5:      layout_basic, lemuel_round_altar, lightli_temple_of_fire,
          lemuel_doored_altar, minmay_temple_entry_arrows
D:6:      layout_cave_pools, nzn_hepliaklqana_mist_gate, serial_shops,
          nicolae_shop_stone
D:7:      layout_loops_ring, elyvilon_altar_1, serial_shops,
          nicolae_shop_temple_entry_statues_fountains
D:8:      layout_basic, gammafunk_temple_overflow_arena, serial_shops, shop

Skill      XL: |  1  2  3  4  5  6  7  8  9 |
---------------+----------------------------+-----
Maces & Flails | 3 4 5 6 7 |  7.1
Invocations    | 2 3 4 5 6 |  6.2
Armour         | 3 4 5 6 7 |  7.4
Fighting       | 4 5 6 |  6.7
Dodging        | |  1.1

Action                   |  1- 3 |  4- 6 |  7- 9 || total
-------------------------+-------+-------+-------++-------
Melee: Mace              |    88 |   138 |   176 ||   402
       Kick              |    22 |    39 |    86 ||   147
       Peck              |     9 |    21 |    35 ||    65
       Whip              |       |       |    98 ||    98
Invok: Depart the Abyss  |     1 |       |       ||     1
 Abil: Fly               |       |     1 |       ||     1
  Use: Potion            |       |     1 |     1 ||     2
       Scroll            |       |       |    20 ||    20
Armor: Leather armour    |    15 |       |       ||    15
       Plate armour      |    35 |    94 |   237 ||   366
Dodge: Dodged            |    41 |    36 |    86 ||   163
